AoeStats
← Conscript

Lombardia

508831373Analyzed
4v4 RM · 9d ago on Sep 24, 2026· 48m 10s· 8 players
Game mode
Random Map
Map size
Large (8 player)
Population
200
Speed
Normal
Resources
Standard
Victory
Conquest
Starting age
Dark Age
Ending age
Imperial Age
RankedLock teamsTeams togetherTeam positionsShared explorationLock speedFull tech treeHidden civsTurbo modeCheats
Victory
Defeat
🇨🇳 Saxons · China
1169
+8
🇨🇳 Wei · China
1104
+11
🇨🇳 Franks · China
978
+16
🇨🇳 Byzantines · China
940
+17
🇲🇽 Lithuanians · Mexico
1000
-14
🇨🇳 Franks · China
997
-14
🇩🇪 Vietnamese · Germany
985
-13
🇳🇱 Magyars · Netherlands
928
-11
Borzak4113
0:37 Loom
11:49 Feudal Age
13:00 Double-Bit Axe
16:31 Horse Collar
19:04 Wheelbarrow
18:27 Stone Mining
18:31 Gold Mining
25:12 Castle Age
26:40 Bow Saw
27:05 Husbandry
26:30 Light Cavalry
27:22 Forging
28:53 Iron Casting
28:25 Scale Barding Armor
29:20 Bloodlines
29:32 Heavy Plow
31:07 Caravan
32:07 Hand Cart
31:40 Town Watch
39:37 Iron Casting
41:18 Chain Barding Armor
45:17 Fortified Wall
44:50 Treadmill Crane
45:20 Thumb Ring
Arakami
12:11 Feudal Age
10:31 Loom
12:57 Double-Bit Axe
14:07 Wheelbarrow
14:35 Horse Collar
20:57 Castle Age
20:09 Fletching
20:19 Padded Archer Armor
20:25 Gold Mining
22:18 Bow Saw
22:12 Bodkin Arrow
21:54 Elite Skirmisher
23:50 Heavy Plow
25:16 Hand Cart
26:39 Town Watch
27:58 Caravan
32:45 Stone Mining
36:54 Stone Shaft Mining
36:43 Leather Archer Armor
36:28 Scale Mail Armor
36:38 Forging
39:36 Imperial Age
37:48 Masonry
37:49 Fortified Wall
38:01 Ballistics
37:22 Treadmill Crane
38:23 Pikeman
39:03 Squires
39:09 Scale Mail Armor
39:19 Forging
39:25 Leather Archer Armor
40:43 Chain Mail Armor
40:58 Bracer
41:34 Iron Casting
42:06 Chemistry
41:12 Siege Engineers
42:14 Two-Man Saw
41:03 Halberdier
41:06 Imperial Skirmisher
41:51 Thumb Ring
42:29 Crop Rotation
41:32 Crossbowman
42:36 Guilds
42:57 Coinage
42:25 Arson
42:34 Arbalester
44:21 Ring Archer Armor
44:22 Plate Mail Armor
45:14 Banking
45:34 Hoardings
45:20 Paper Money
44:21 Elite Rattan Archer
45:37 Town Patrol
46:00 Chatras
prsdntsdghtr
7:40 Loom
10:12 Feudal Age
13:08 Double-Bit Axe
21:10 Scale Barding Armor
23:34 Castle Age
26:47 Horse Collar
28:12 Bow Saw
29:00 Wheelbarrow
36:21 Town Watch
38:04 Hand Cart
43:14 Pikeman
44:46 Heavy Plow
48:33 Bloodlines
bro
11:14 Feudal Age
9:30 Loom
15:59 Castle Age
18:27 Double-Bit Axe
33:10 Imperial Age
31:21 Wheelbarrow
30:31 Town Watch
31:01 Bow Saw
30:44 Gold Mining
30:45 Stone Mining
32:42 Forging
32:37 Scale Barding Armor
32:35 Husbandry
33:42 Gold Shaft Mining
34:46 Conscription
34:59 Hand Cart
34:33 Cavalier
35:51 Iron Casting
35:37 Chain Barding Armor
35:38 Light Cavalry
36:54 Ballistics
37:35 Chemistry
36:41 Siege Engineers
36:17 Treadmill Crane
39:57 Blast Furnace
39:32 Plate Barding Armor
39:25 Chivalry
40:04 Hoardings
41:28 Caravan
41:59 Coinage
41:10 Paladin
42:24 Murder Holes
44:19 Gambesons
44:34 Squires
44:19 Arson
43:55 Pikeman
44:33 Halberdier
46:06 Scale Mail Armor
五分熟煎蛋
5:55 Loom
11:24 Feudal Age
12:13 Double-Bit Axe
13:01 Town Watch
16:36 Wheelbarrow
22:54 Castle Age
21:28 Scale Barding Armor
23:40 Forging
23:24 Pikeman
24:36 Husbandry
25:36 Hand Cart
25:21 Town Patrol
26:27 Gold Mining
26:32 Stone Mining
28:45 Town Patrol
30:03 Chain Barding Armor
30:19 Iron Casting
36:18 Bow Saw
40:47 Imperial Age
40:56 Cavalier
44:20 Blast Furnace
43:56 Plate Barding Armor
43:40 Chivalry
44:18 Paladin
45:48 Gold Shaft Mining
Conscript
7:55 Loom
11:04 Feudal Age
14:15 Double-Bit Axe
23:37 Castle Age
23:51 Stone Mining
26:44 Horse Collar
27:21 Gold Mining
28:15 Wheelbarrow
28:31 Scale Barding Armor
29:22 Forging
30:43 Gold Shaft Mining
31:08 Chain Barding Armor
38:47 Husbandry
42:23 Imperial Age
42:09 Scale Mail Armor
44:06 Heavy Camel Rider
45:12 Hand Cart
45:38 Stone Shaft Mining
45:45 Cavalier
47:13 Plate Barding Armor
47:40 Conscription
Otoya Naomi
10:28 Feudal Age
14:11 Castle Age
12:17 Double-Bit Axe
12:51 Horse Collar
13:29 Gold Mining
15:26 Wheelbarrow
14:56 Fletching
20:52 Ballistics
21:26 Bow Saw
21:25 Heavy Plow
21:33 Bodkin Arrow
22:11 Pikeman
25:28 Padded Archer Armor
25:33 Husbandry
31:00 Hand Cart
34:15 Imperial Age
32:25 Light Cavalry
33:16 Bloodlines
33:49 Thumb Ring
36:20 Parthian Tactics
36:38 Town Watch
37:51 Gold Shaft Mining
37:07 Stone Mining
37:37 Tuntian
38:05 Ming Guang Armor
37:01 Elite Tiger Cavalry
38:02 Conscription
38:21 Bracer
41:07 Stone Shaft Mining
41:17 Scale Barding Armor
41:22 Forging
42:44 Crop Rotation
42:38 Chain Barding Armor
42:21 Heavy Hei Guang Cavalry
44:08 Hoardings
44:48 Iron Casting
43:42 Capped Ram
46:32 Blast Furnace
45:48 Leather Archer Armor
45:29 Siege Ram
General Infantry
10:28 Feudal Age
8:43 Loom
15:24 Castle Age
13:35 Horse Collar
13:43 Double-Bit Axe
16:31 Scale Mail Armor
17:13 Town Watch
26:16 Stone Mining
26:16 Gold Mining
26:16 Stone Mining
27:03 Wheelbarrow
26:29 Town Patrol
28:44 Bow Saw
31:37 Imperial Age
29:08 Gambesons
29:23 Squires
29:09 Arson
30:54 Hand Cart
30:59 Chain Mail Armor
30:54 Forging
32:11 Gold Shaft Mining
32:10 Elite Varangian Guard
34:00 Conscription
34:39 Plate Mail Armor
34:44 Iron Casting
34:54 Caravan
36:36 Fletching
36:47 Padded Archer Armor
37:57 Capped Ram
40:15 Two-Man Saw
39:34 Heavy Plow
39:12 Shield Wall
39:40 Siege Ram
43:41 Pikeman
44:17 Bodkin Arrow
44:38 Leather Archer Armor
43:45 Man-at-Arms
47:43 Hoardings
47:38 Halberdier
47:39 Long Swordsman
48:22 Bracer
48:52 Ring Archer Armor
Connection lost

Rejoining the realm…

Still unreachable

The connection could not be restored.

Session expired

The server has moved on; the page needs a fresh start.